Map: Prion Terraces

Players

ILLBdA

  • Race: Protoss Protoss
  • League: Diamond

콩탈 - Winner!

  • Race: Zerg Zerg
  • League: Diamond

VOD

Have the link to the VOD?

Description

Time

  • Played on: Dec. 15, 2015, 9:49 p.m.
  • Length: 3:56
Show
View Real Time Build Order
Export as new Build Order

ILLBdA Protoss 

Build Orders: Nexus First 

Get SALT Encoding   

  12  0:01  Probe (Chrono Boost)  
  13  0:12  Probe (Chrono Boost)  
  14  0:22  Pylon  
  14  0:23  Probe (Chrono Boost)  
  15  0:40  Probe (Chrono Boost)  
  16  0:51  Probe (Chrono Boost)  
  17  1:00  Nexus  
  17  1:09  Gateway  
  17  1:11  Probe (Chrono Boost)  
  18  1:22  Probe (Chrono Boost)  
  18  1:24  Assimilator  
  20  1:33  Probe (Chrono Boost)  
  20  1:34  Assimilator  
  20  1:43  Probe (Chrono Boost)  
  20  1:44  Gateway  
  21  1:54  Probe (Chrono Boost)  
  22  1:58  Cybernetics Core  
  22  2:01  Pylon  
  22  2:04  Probe (Chrono Boost)  
  23  2:12  Probe (Chrono Boost)  
  23  2:15  Probe (Chrono Boost)  
  26  2:22  Probe (Chrono Boost)  
  26  2:25  Probe (Chrono Boost)  
  27  2:34  Stalker x2 (Chrono Boost)  
  31  2:44  Pylon  
  31  2:47  Mothership Core  
  33  2:52  Probe  
  34  3:01  Adept x2 (Chrono Boost)  
  38  3:15  Probe  
  38  3:16  Probe  
  40  3:24  Stalker (Chrono Boost)  
  40  3:26  Adept (Chrono Boost)  
  44  3:32  Pylon  
  44  3:34  Pylon  
  44  3:37  Pylon  
Show
View Real Time Build Order
Export as new Build Order

콩탈 Zerg - Winner!

Build Orders: Hatch First 

Get SALT Encoding   

  12  0:00  Drone  
  13  0:12  Drone  
  14  0:38  Hatchery  
  13  0:45  Drone  
  13  0:47  Overlord  
  14  1:01  Spawning Pool  
  13  1:09  Drone  
  14  1:17  Extractor  
  13  1:21  Drone  
  13  1:22  Drone x2  
  16  1:48  Queen  
  16  1:49  Queen  
  20  2:00  Drone x2  
  22  2:01  Drone x2  
  24  2:21  Metabolic Boost  
  24  2:53  Zergling x8  
  24  2:54  Overlord  
  24  2:57  Hatchery  
  27  3:07  Zergling x2  
  28  3:18  Zergling x10  
  28  3:19  Zergling x2  
Tags
 
Add a new tag
Caveats
  • Supply blocks, unpowered buildings, or Contaminate may cause inaccurate times.
  • Supply counts are checked every 10 seconds.